 Seeded DCSS version 0.29.1-15-g9cfb28693d (webtiles) character file.

Game seed: 6320845443627075161 (custom seed)

3095 bmack86 the Cleaver (level 9, -7/79 HPs)
             Began as a Minotaur Fighter on Mar 2, 2023.
             Mangled by an orc warlord
             ... wielding a +6 broad axe
              (14 damage)
             ... in a bailey.
             The game lasted 00:19:32 (5729 turns).

bmack86 the Cleaver (Minotaur Fighter)              Turns: 5729, Time: 00:19:33

Health: -7/79      AC: 19    Str: 24    XL:     9   Next: 59%
Magic:  8/8        EV: 10    Int:  5    God:
Gold:   351        SH:  6    Dex: 17    Spells: 8/8 levels left

rFire   . . .      SeeInvis .   n - +2 war axe (flame)
rCold   . . .      Faith    .   c - +0 buckler
rNeg    . . .      Spirit   .   i - +0 plate armour
rPois   .          Reflect  .   o - +1 hat {Stlth+}
rElec   .          Harm     .   z - +1 cloak of Starlight {*Dazzle EV+4 Stlth--}
rCorr   .          Rampage  .   I - +0 pair of gloves
Will    +....                   H - +0 pair of boots
Stlth   ..........              (no amulet)
HPRegen 0.23/turn               G - ring of willpower
MPRegen 0.11/turn               B - +6 ring of dexterity

@: mighty
A: horns 2, retaliatory headbutt
a: no special abilities


You were in a bailey.
You visited 1 branch of the dungeon, and saw 7 of its levels.
You also visited: Bailey.

You collected 351 gold pieces.

Inventory:

Hand Weapons
 a - a +0 war axe
 n - a +2 war axe of flaming (weapon)
Missiles
 h - 19 poisoned darts
 t - 3 boomerangs (quivered)
Armour
 b - a +0 scale mail
 c - a +0 buckler (worn)
 i - a +0 plate armour (worn)
 o - a +1 hat of stealth (worn)
 u - a +1 cloak of poison resistance
 z - the +1 cloak of Starlight (worn) {*Dazzle EV+4 Stlth--}
   (You acquired it on level 4 of the Dungeon)

   It may blind those who miss an attack against the wearer in melee combat.
   EV:        It affects your evasion (+4).
   Stlth:     It makes you much less stealthy.
 H - a +0 pair of boots (worn)
 I - a +0 pair of gloves (worn)
Jewellery
 s - a ring of magical power
 B - a +6 ring of dexterity (right hand)
 G - a ring of willpower (left hand)
Wands
 q - a wand of flame (13)
 v - a wand of mindburst (9)
 E - a wand of digging (5)
Scrolls
 e - 5 scrolls of teleportation {unknown}
 j - a scroll of magic mapping
 p - 2 scrolls of vulnerability {unknown}
 y - a scroll of noise {unknown}
 A - a scroll of brand weapon {unknown}
 C - 2 scrolls of amnesia {unknown}
 D - a scroll of poison {unknown}
 F - a scroll of silence {unknown}
Potions
 f - 7 potions of curing
 g - 2 potions of haste {unknown}
 k - a potion of resistance {unknown}
 l - 3 potions of brilliance
 m - 3 potions of flight
 w - a potion of degeneration {unknown}
 x - 2 potions of lignification


   Skills:
 + Level 7.4 Fighting
 * Level 9.8 Axes
 + Level 5.3 Throwing
 + Level 7.5 Armour
 + Level 7.4 Shields


You had 8 spell levels left.
You didn't know any spells.
Your spell library contained the following spells:

 Spells                   Type           Power      Damage    Failure   Level
 Freeze                   Ice            0%         1d3       100%        1
 Frozen Ramparts          Ice            0%         1d1       100%        3
 Summon Guardian Golem    Hex/Summ       0%         N/A       100%        3
 Hailstorm                Conj/Ice       0%         3d3       100%        4
 Orb of Destruction       Conj           0%         9d5       100%        7
 Spellforged Servitor     Conj/Summ      0%         N/A       100%        7


Dungeon Overview and Level Annotations

Branches:
Dungeon (8/15)             Bailey (1/1)
 Temple: D:4-7         Lair: D:8-11

Altars:
Elyvilon
Hepliaklqana
Ru
Uskayaw
Wu Jian
Xom

Shops:
D:2 :

Annotations:
D:8 4 transporters


Innate Abilities, Weirdness & Mutations

You have a pair of horns on your head.
You reflexively headbutt those who attack you in melee.


Message History

It was a scroll of blinking.
Blink to where?
Press: ? - help, Dir - move target
As you read the scroll of blinking, it crumbles to dust.
Items here: )) [[ †.
Items here: )) [[.
There is an open door here.
Items here: )) [[ †.
You close the door, pushing everything out of the way.
An orc warrior opens the door.
The orc warlord roars a battlecry!
The orc warriors go into a battle-frenzy!
There is an open gate here.
You feel a little less mighty now.
You feel very mighty all of a sudden. You block the orc warrior's attack.
Okay, then.
You slice the orc warrior!! You burn the orc warrior.
You kill the orc warrior!
You barely miss the orc warlord. You block the orc warlord's attack.
You hit the orc warlord. You burn the orc warlord.
The orc warlord is lightly wounded.
The orc warlord hits you but does no damage.
You hit the orc warlord. You burn the orc warlord.
You headbutt the orc warlord, but do no damage.
The orc warlord is lightly wounded.
The orc warlord hits you with a +6 broad axe!!
* * * LOW HITPOINT WARNING * * *
You slash the orc warlord! You burn the orc warlord.
You headbutt the orc warlord!
The orc warlord is moderately wounded.
You closely miss the orc warrior. The orc warrior barely misses you.
The orc warrior's sight is seared by the starlight!
You block the orc warlord's attack.
You hit the orc warlord but do no damage.
Your headbutt misses the orc warlord.
The orc warlord is moderately wounded.
You closely miss the orc warrior.
The orc warlord hits you with a +6 broad axe!
You die...

♣♣ ♣♣ ♣♣♣.♣♣♣.♣♣♣
♣.♣.......♣♣
♣♣..........♣
♣.....∩.....♣
♣♣..........♣
♣....∩.....♣
♣...o@....♣♣
♣♣..o)....♣
♣##'''##♣♣
##.....## #.......#
##.......##
#.........#
##...).)...##
#######....)))....#


You could see an orc warlord and an orc warrior (strong, blind).

Vanquished Creatures
  Edmund (D:5)
  A sky beast (D:6)
  12 orc warriors
  An ice beast (D:5)
  2 black bears
  An ogre (D:5)
  A kobold brigand (D:6)
  A bullfrog (D:5)
  A necrophage (D:4)
  2 scorpions
  10 wights
  A howler monkey (D:4)
  2 hounds
  3 orc priests
  Crazy Yiuf (D:3)
  Ijyb (D:4)
  An iguana (D:5)
  4 orc wizards
  4 gnolls (Bailey)
  6 adders
  A worm (D:4)
  5 dart slugs
  28 orcs
  7 ball pythons
  2 endoplasms (D:4)
  A giant cockroach (D:4)
  16 goblins
  14 hobgoblins
  3 quokkas
  5 bats
  A frilled lizard (D:3)
  8 kobolds
  2 rats
149 creatures vanquished.

Notes
Turn   | Place    | Note
-------+----------+-------------------------------------------
     0 | D:1      | bmack86 the Minotaur Fighter began the quest for the Orb.
     0 | D:1      | Reached XP level 1. HP: 19/19 MP: 0/0
   697 | D:2      | Identified a scroll of acquirement
   697 | D:2      | Acquired a +1 war axe of flaming
   738 | D:2      | Found a faded altar of an unknown god.
   753 | D:2      | Reached XP level 2. HP: 27/27 MP: 1/1
   974 | D:2      | Reached skill level 3 in Axes
   989 | D:2      | Found Weil's Book Boutique.
  1467 | D:3      | Reached XP level 3. HP: 13/33 MP: 2/2
  1775 | D:3      | Found an ornate altar of the Wu Jian Council.
  1781 | D:3      | Noticed a spectral centipede
  1781 | D:3      | Noticed a spectral black mamba
  1781 | D:3      | Noticed a spectral scorpion
  1781 | D:3      | Noticed a spectral cane toad
  1841 | D:3      | Reached skill level 1 in Throwing
  1845 | D:3      | Reached XP level 4. HP: 33/40 MP: 3/3
  2025 | D:3      | Reached skill level 4 in Axes
  2089 | D:3      | Found a runed translucent door.
  2090 | D:3      | Noticed Crazy Yiuf
  2429 | D:3      | Killed Crazy Yiuf
  2430 | D:3      | Reached XP level 5. HP: 35/47 MP: 4/4
  2812 | D:4      | Noticed Ijyb
  2823 | D:4      | Killed Ijyb
  2824 | D:4      | Reached skill level 5 in Axes
  2824 | D:4      | Reached XP level 6. HP: 36/53 MP: 5/5
  2833 | D:4      | Acquired the +1 cloak of Starlight {*Dazzle EV+4 Stlth--}
  2833 | D:4      | Found the +1 cloak of Starlight {*Dazzle EV+4 Stlth--}
  2865 | D:4      | Found a white marble altar of Elyvilon.
  3118 | D:4      | Found a sacrificial altar of Ru.
  3413 | D:4      | Found a shimmering altar of Xom.
  3414 | D:4      | Found a hazy altar of Hepliaklqana.
  3415 | D:4      | Noticed a spectral ugly thing
  3463 | D:5      | Entered Level 5 of the Dungeon
  3555 | D:5      | Reached skill level 5 in Armour
  3555 | D:5      | Reached skill level 5 in Shields
  3556 | D:5      | Reached skill level 5 in Fighting
  3611 | D:5      | Reached XP level 7. HP: 47/61 MP: 6/6
  3620 | D:5      | Reached skill level 6 in Axes
  3967 | D:5      | Noticed Edmund
  3981 | D:5      | Killed Edmund
  4508 | D:5      | Reached skill level 7 in Axes
  4508 | D:5      | Reached XP level 8. HP: 36/70 MP: 7/7
  4748 | D:6      | Found a hide-covered altar of Uskayaw.
  4790 | D:6      | HP: 2/69 [wight/+0 halberd (6)]
  5208 | D:6      | Reached skill level 8 in Axes
  5213 | D:6      | You fall into a shaft and drop 2 floors!
  5218 | D:8      | Found a transporter.
  5218 | D:8      | Found a transporter.
  5222 | D:8      | Found a transporter.
  5230 | D:8      | Found a transporter.
  5230 | D:8      | Found a transporter.
  5262 | D:8      | Found a transporter.
  5293 | D:8      | Reached XP level 9. HP: 28/78 MP: 8/8
  5342 | D:8      | Found a flagged portal.
  5525 | Bailey   | Entered a bailey
  5594 | Bailey   | Reached skill level 9 in Axes
  5669 | Bailey   | Reached skill level 5 in Throwing
  5683 | Bailey   | Noticed an orc warlord
  5729 | Bailey   | Mangled by an orc warlord

Illustrated notes

Levels and vault maps discovered:
D:1:      dpeg_arrival_lava_temple_mockup, layout_basic
D:2:      layout_loops_ring, shapermc_ecumenical_altar_starsandcircs,
          serial_shops, nicolae_shop_window_shopping
D:3:      layout_loops_ring, pdpol_wu_jian_five_deadly_venoms, corexii_shack,
          uniq_crazy_yiuf_cottage
D:4:      layout_basic, regret_index_temple_of_mockery, hangedman_ru_absence,
          lemuel_tele_altar, uniq_ijyb
D:5:      layout_loops_cross, uniq_edmund
D:6:      layout_cave_pods, amcnicky_altar_gilded
D:8:      layout_rooms, kennysheep_mini, enter_bailey_8, serial_nicolae_subway,
          nicolae_sub_station_metal, nicolae_sub_station_stone,
          nicolae_sub_station_crystal
Bailey:   bailey_axe_minmay_hex_keep, bailey

Skill      XL: |  1  2  3  4  5  6  7  8  9 |
---------------+----------------------------+-----
Axes           | 3 4 5 7 8 9 |  9.8
Shields        | 4 5 6 7 |  7.4
Fighting       | 4 5 6 7 |  7.4
Throwing       | 1 2 3 4 5 |  5.3
Armour         | 4 5 6 7 |  7.5

Action                   |  1- 3 |  4- 6 |  7- 9 || total
-------------------------+-------+-------+-------++-------
Melee: War axe           |    64 |    83 |   167 ||   314
       Headbutt          |     4 |    10 |    28 ||    42
Throw: Boomerang         |       |     3 |     6 ||     9
  Use: Scroll            |     4 |     3 |     3 ||    10
       Potion            |       |       |     3 ||     3
 Stab: Invisible         |       |       |    10 ||    10
Armor: Plate armour      |    55 |    56 |    64 ||   175
       Scale mail        |     1 |       |       ||     1
Dodge: Dodged            |    18 |    31 |    72 ||   121
Block: Buckler           |    21 |    18 |    59 ||    98
